 Dungeon Crawl Stone Soup version 0.23-a0-417-gf02c810438 (webtiles) character file.

9081 Xesh the Cleaver (level 11, -26/95 HPs)
             Began as a Minotaur Fighter on Nov 11, 2018.
             Was an Elder of Okawaru.
             Killed from afar by a fire giant (31 damage)
             ... with a fireball
             ... on level 11 of the Dungeon.
             The game lasted 00:22:03 (8458 turns).

Xesh the Cleaver (Minotaur Fighter)                 Turns: 8458, Time: 00:22:04

Health: -26/95     AC: 20    Str: 29    XL:     11   Next: 18%
Magic:  13/13      EV: 11    Int:  6    God:    Okawaru [****..]
Gold:   631        SH: 13    Dex: 15    Spells: 14/14 levels left

rFire    . . .     SeeInvis .   D - +1 war axe of the Warrior {chop, rC++ Str+5 Int-4}
rCold    + + .     Gourm    .   c - +1 shield
rNeg     + . .     Faith    .   d - +0 plate armour
rPois    .         Spirit   .   (helmet restricted)
rElec    .         Reflect  .   g - +2 cloak
rCorr    .         Harm     .   (no gloves)
MR       +++..     Clarity  +   H - +2 pair of boots
Stlth    ..........             B - amulet of the Four Winds {rN+ MR+++ Clar}
HPRegen  0.25/turn              o - +5 ring of intelligence
MPRegen  0.13/turn              s - +5 ring of dexterity

@: about to teleport
A: retaliatory headbutt, horns 2
a: Heroism, Renounce Religion


You were on level 11 of the Dungeon.
You worshipped Okawaru.
Okawaru was greatly pleased with you.
You were not hungry.

You visited 2 branches of the dungeon, and saw 12 of its levels.

You collected 658 gold pieces.
You spent 27 gold pieces at shops.

Inventory:

Hand Weapons
 a - a +1 war axe
 D - the +1 war axe of the Warrior (weapon) {chop, rC++ Str+5 Int-4}
   (You found it on level 7 of the Dungeon)

   It inflicts extra damage upon your enemies.
   It affects your strength (+5).
   It affects your intelligence (-4).
   It greatly protects you from cold.
Missiles
 n - 7 javelins (quivered)
 x - 2 throwing nets
Armour
 c - a +1 shield (worn)
 d - a +0 plate armour (worn)
 g - a +2 cloak (worn)
 H - a +2 pair of boots (worn)
Jewellery
 o - a +5 ring of intelligence (left hand)
 p - an uncursed amulet of regeneration
 s - a +5 ring of dexterity (right hand)
 u - an uncursed ring of protection from cold
 w - the amulet "Goletoh" {Fragile Regen+ Str+3}
   (You took it off an orc on level 11 of the Dungeon)

   [amulet of regeneration]

   It affects your strength (+3).
   It increases your rate of regeneration.
   It will be destroyed if unequipped.
 B - the amulet of the Four Winds (around neck) {rN+ MR+++ Clar}
   (You found it on level 7 of the Dungeon)

   [amulet of nothing]

   It protects you from negative energy.
   It affects your resistance to hostile enchantments.
   It protects you against confusion.
Wands
 C - a wand of enslavement (7)
 F - a wand of iceblast (8)
 I - a wand of clouds (3)
Scrolls
 b - a scroll of enchant weapon
 t - 3 scrolls of magic mapping
 v - 4 scrolls of remove curse
 y - 2 scrolls of immolation
 E - a scroll of teleportation
Potions
 e - a potion of invisibility {unknown}
 h - a potion of mutation {unknown}
 i - 2 potions of ambrosia
 j - 2 potions of degeneration {unknown}
 k - 4 potions of curing
 l - 2 potions of haste
 m - a potion of cancellation {unknown}
 q - a potion of brilliance
 r - a potion of berserk rage {unknown}
 z - a potion of lignification {unknown}
 A - 3 potions of flight {unknown}
Comestibles
 f - 14 rations


   Skills:
 + Level 8.9 Fighting
 * Level 11.7 Axes
 + Level 8.8 Armour
 + Level 7.5 Dodging
 + Level 8.9 Shields
 + Level 2.3 Spellcasting
 + Level 3.5 Invocations


You had 14 spell levels left.
You didn't know any spells.
Your spell library contained the following spells:

 Spells                   Type           Power        Failure   Level  Hunger
 Magic Dart               Conj           #...         100%        1    ##.....
 Blink                    Tloc           N/A          100%        2    ###....
 Call Imp                 Summ           #.......     100%        2    ###....
 Slow                     Hex            #.......     100%        2    ###....
 Conjure Flame            Conj/Fire      #.......     100%        3    ####...
 Mephitic Cloud           Conj/Pois/Air  #.......     100%        3    ####...


Dungeon Overview and Level Annotations

Branches:
Dungeon (11/15)            Temple (1/1) D:7            Lair (0/6) D:10
    Orc: D:9-12

Altars:
Ashenzari
Cheibriados
Dithmenos
Elyvilon
Fedhas
Gozag
Hepliaklqana
Kikubaaqudgha
Makhleb
Nemelex Xobeh
Okawaru
Qazlal
Ru
Sif Muna
Trog
Uskayaw
Vehumet
Wu Jian
Xom
Yredelemnul
Zin
The Shining One

Shops:
D:5 *   D:8 =


Innate Abilities, Weirdness & Mutations

You reflexively headbutt those who attack you in melee.
You have a pair of horns on your head.


Message History

The bolt of fire hits you!
A yaktaur captain comes into view. It is wielding a staff of power.
The fire giant casts a spell at you. The bolt of fire misses you.
The yaktaur captain shouts!
The fire giant casts a spell at you. The bolt of fire hits you!
The fire giant points at you and mumbles some strange words.
The fireball explodes!
The fireball engulfs you!
Ouch! That really hurt!
* * * LOW HITPOINT WARNING * * *
You hear a horrible gurgling sound!
You hear an angry hiss.
You hear a bellow!
The fire giant points at you and mumbles some strange words.
The bolt of fire hits you!
* * * LOW HITPOINT WARNING * * *
As you read the scroll of teleportation, it crumbles to dust.
You feel strangely unstable.
The fire giant points at you and mumbles some strange words.
The fireball explodes!
The fireball engulfs you!
You die...

#.......#####)#########.
#.####..##.....#### ##.#
#.# #..##.###)...###.#.
#.# #..##.#.#.##.##.##.
#.# #..#.......#.#c## |
#.# ##...##)⌠.##.C## #
#.# #.#.#)))....#.# #.#
#.#.##.#.#.###.# #.#
#@#..)(###.# #.#
#.####.....# #.#
#.#####.##### #.
#.C.C.......# .
#####c.####.# #..# #..#
#..# #..#


You could see a fire giant.

Vanquished Creatures
  A two-headed ogre (D:11)
  2 death yaks (D:10)
  Pikel (D:7)
  2 ugly things (D:11)
  Maurice (D:8)
  A kobold demonologist (D:11)
  3 meliai (D:9)
  A hornet (D:9)
  4 hippogriffs
  2 yaks (D:11)
  4 sky beasts
  3 orc warriors
  4 slaves (D:7)
  2 ice beasts
  4 ogres
  3 phantoms
  2 centaurs
  A big kobold (D:11)
  6 bullfrogs
  A gnoll sergeant (D:8)
  A wyvern zombie (D:10)
  2 scorpions
  A killer bee (D:11)
  A wight (D:11)
  A vampire bat (D:4)
  2 centaur zombies
  A bullfrog zombie (D:5)
  6 crimson imps
  2 quasits
  A jelly (D:8)
  A gnoll shaman (D:4)
  4 orc priests
  3 hounds
  8 orc wizards
  2 bullfrog skeletons
  An iguana (D:11)
  5 worker ants
  A hound skeleton (D:9)
  12 gnolls
  A howler monkey skeleton (D:5)
  7 adders
  2 shadow imps (D:5)
  3 oozes
  An adder skeleton (D:4)
  An adder zombie (D:9)
  A worm (D:6)
  3 dart slugs
  3 fire bats (D:4)
  3 leopard geckos
  34 orcs
  2 spectral bats (D:4)
  3 bat skeletons (D:4)
  A bat zombie (D:4)
  7 giant cockroaches
  9 goblins
  13 hobgoblins
  12 jackals
  2 quokkas
  5 ball pythons
  20 bats
  A bat simulacrum (D:4)
  4 frilled lizards
  A jackal zombie (D:4)
  9 kobolds
  A leopard gecko skeleton (D:7)
  A leopard gecko zombie (D:8)
  3 quokka skeletons
  8 rats
264 creatures vanquished.

Vanquished Creatures (others)
  A wizard (D:5)
1 creature vanquished.

Grand Total: 265 creatures vanquished

Notes
Turn   | Place    | Note
-------+----------+-------------------------------------------
     0 | D:1      | Xesh the Minotaur Fighter began the quest for the Orb.
     0 | D:1      | Reached XP level 1. HP: 19/19 MP: 0/0
   104 | D:1      | Reached XP level 2. HP: 25/27 MP: 1/1
   246 | D:1      | Reached skill level 3 in Axes
   246 | D:1      | Reached skill level 1 in Dodging
   307 | D:1      | Reached XP level 3. HP: 33/33 MP: 2/2
   819 | D:2      | Reached XP level 4. HP: 32/40 MP: 3/3
  1105 | D:2      | Reached skill level 4 in Axes
  1115 | D:2      | Reached XP level 5. HP: 43/46 MP: 4/4
  2229 | D:4      | Reached XP level 6. HP: 53/53 MP: 5/5
  2247 | D:4      | Reached skill level 5 in Axes
  2365 | D:4      | Reached skill level 5 in Shields
  2539 | D:4      | Reached XP level 7. HP: 60/60 MP: 6/6
  2580 | D:4      | Reached skill level 5 in Fighting
  2580 | D:4      | Reached skill level 5 in Armour
  2929 | D:4      | Reached skill level 6 in Axes
  3207 | D:5      | Entered Level 5 of the Dungeon
  3219 | D:5      | Found Teituwaj's Assorted Antiques.
  3227 | D:5      | Bought a coppery potion for 27 gold pieces
  3498 | D:5      | Found a bloodstained altar of Trog.
  3499 | D:5      | Noticed a wizard
  3504 | D:5      | Killed a wizard
  3563 | D:5      | Reached XP level 8. HP: 68/70 MP: 7/7
  3569 | D:5      | Found a shimmering altar of Xom.
  3570 | D:5      | Found a hazy altar of Hepliaklqana.
  3571 | D:5      | Noticed a spectral ugly thing
  3631 | D:5      | Found a burning altar of Makhleb.
  3633 | D:5      | Reached skill level 7 in Axes
  4034 | D:6      | Found a snail-covered altar of Cheibriados.
  4672 | D:7      | Noticed a hippogriff
  4680 | D:7      | Killed a hippogriff
  4680 | D:7      | Reached skill level 8 in Axes
  4737 | D:7      | Reached skill level 5 in Dodging
  4792 | D:7      | Noticed Pikel
  4801 | D:7      | Found a staircase to the Ecumenical Temple.
  4813 | Temple   | Entered the Ecumenical Temple
  5084 | D:7      | Found the amulet of the Four Winds {rN+ MR+++ Clar}
  5090 | D:7      | Reached XP level 9. HP: 78/78 MP: 8/8
  5165 | D:7      | Killed Pikel
  5165 | D:7      | Reached skill level 9 in Axes
  5537 | D:7      | Got an encrusted war axe
  5538 | D:7      | Identified the cursed +1 war axe of the Warrior {chop, rC++
                  | Str+5 Int-4} (You found it on level 7 of the Dungeon)
  5562 | D:8      | Noticed Maurice
  5573 | D:8      | Killed Maurice
  5585 | D:8      | Found Meqyiq's Jewellery Shop.
  5601 | D:8      | Found an ornate altar of the Wu Jian Council.
  5843 | D:8      | Found a shattered altar of Ashenzari.
  5854 | D:8      | Found an iron altar of Okawaru.
  5854 | D:8      | Found a stormy altar of Qazlal.
  5866 | D:8      | Became a worshipper of Warmaster Okawaru
  5879 | D:8      | Found a sparkling altar of Nemelex Xobeh.
  5883 | D:8      | Found a sacrificial altar of Ru.
  5902 | D:8      | Reached skill level 10 in Axes
  6055 | D:8      | Found an ancient bone altar of Kikubaaqudgha.
  6401 | D:9      | Reached skill level 1 in Invocations
  6461 | D:9      | Reached XP level 10. HP: 80/88 MP: 8/10
  6668 | D:9      | Reached * piety under Okawaru
  6980 | D:9      | Reached skill level 1 in Spellcasting
  7378 | D:10     | Entered Level 10 of the Dungeon
  7460 | D:10     | Noticed a death yak
  7461 | D:10     | Noticed a death yak
  7462 | D:10     | Noticed a death yak
  7462 | D:10     | Noticed a death yak
  7463 | D:10     | Noticed a death yak
  7464 | D:10     | Noticed a death yak
  7470 | D:10     | Noticed a death yak
  7493 | D:10     | Killed a death yak
  7501 | D:10     | Found a staircase to the Lair.
  7503 | D:10     | Killed a death yak
  7503 | D:10     | Reached ** piety under Okawaru
  7503 | D:10     | Reached skill level 11 in Axes
  7923 | D:11     | Reached *** piety under Okawaru
  8030 | D:11     | Noticed a two-headed ogre
  8036 | D:11     | Killed a two-headed ogre
  8048 | D:11     | Noticed a red ugly thing
  8048 | D:11     | Noticed a white ugly thing
  8051 | D:11     | Reached XP level 11. HP: 71/95 MP: 13/13
  8059 | D:11     | Killed a red ugly thing
  8059 | D:11     | Reached **** piety under Okawaru
  8088 | D:11     | Killed a white ugly thing
  8136 | D:11     | Identified the amulet "Goletoh" {Fragile Regen+ Str+3}
  8435 | D:11     | Noticed a fire giant
  8440 | D:11     | Noticed a yaktaur captain
  8454 | D:11     | HP: 4/95 [fire giant/bolt of fire (7)]
  8458 | D:11     | Killed from afar by a fire giant

Vault maps used:
D:1:      elethiomel_arrival_maze, st_stairs_4, minmay_door_square,
          minmay_tromino_v4_a
D:3:      first_ration
D:4:      minmay_hedge_maze, goddamned_bats
D:5:      regret_index_temple_of_mockery, makhleb_grotto_becter, serial_shops,
          shop_statue, minmay_misc_feat_doors, trog_wizard
D:6:      amethyst_killhole, lemuel_tele_altar
D:7:      minmay_temple_entry_junction, uniq_pikel
D:8:      kennysheep_mini_moat, kiku_gazebo_pond_becter,
          minmay_overflow_temple_star_hex, serial_shops,
          nicolae_shop_temple_entry_statues_fountains, uniq_maurice
D:10:     dpeg_lair_monsters
D:11:     minmay_the_grid_plus, grunt_tengu_nest, uniq_harold
Temple:   bh_familiar_temple

Skill      XL: |  1  2  3  4  5  6  7  8  9 10 |
---------------+-------------------------------+-----
Axes           | 3 4 5 6 8 10 11 | 11.7
Dodging        | 1 2 3 5 6 7 |  7.5
Shields        | 4 5 6 7 8 |  8.9
Fighting       | 4 5 6 7 8 |  8.9
Armour         | 4 5 6 7 8 |  8.8
Invocations    | 1 3 |  3.5
Spellcasting   | 2 |  2.3

Action                   |  1- 3 |  4- 6 |  7- 9 | 10-12 || total
-------------------------+-------+-------+-------+-------++-------
Melee: War axe           |    93 |   151 |   281 |   123 ||   648
       Headbutt          |     9 |    32 |    74 |    41 ||   156
Evoke: Wand              |       |       |       |     1 ||     1
  Use: Scroll            |       |    12 |     4 |     2 ||    18
       Potion            |       |       |       |     5 ||     5
  Eat: Chunk             |       |     6 |     9 |     6 ||    21
       Ration            |       |       |     1 |       ||     1
Armor: Scale mail        |    60 |    72 |     7 |       ||   139
       Chain mail        |       |       |   102 |    18 ||   120
       Plate armour      |       |       |       |    42 ||    42
Dodge: Dodged            |    42 |    78 |    94 |    54 ||   268
Block: Shield            |    54 |   103 |   167 |   107 ||   431

Table legend:
 A = Non-vault XP
 B = Vault XP
 C = Vault XP percentage of total XP
 D = Non-vault monster count
 E = Vault monster count
 F = Vault count percentage of total count
                 A         B        C        D         E       F
            +---------+---------+-------+---------+---------+-------
      Total |    8237 |    4737 |  36.5 |     215 |      45 |  17.3
            +---------+---------+-------+---------+---------+-------
        D:1 |      52 |      10 |  16.1 |      27 |       5 |  15.6
        D:2 |     192 |       0 |   0.0 |      35 |       0 |   0.0
        D:3 |      96 |       0 |   0.0 |      23 |       0 |   0.0
        D:4 |     452 |     175 |  27.9 |      26 |      20 |  43.5
        D:5 |     482 |      46 |   8.7 |      16 |       1 |   5.9
        D:6 |     521 |       0 |   0.0 |       9 |       0 |   0.0
        D:7 |    1042 |     685 |  39.7 |      19 |       1 |   5.0
        D:8 |     645 |     439 |  40.5 |      22 |       1 |   4.3
        D:9 |    2068 |       0 |   0.0 |      15 |       0 |   0.0
       D:10 |     618 |    1233 |  66.6 |       9 |       2 |  18.2
       D:11 |    2069 |    2149 |  50.9 |      14 |      15 |  51.7
            +---------+---------+-------+---------+---------+-------
